 Dungeon Crawl Stone Soup version 0.31-a0-200-gbc41564c69 (webtiles) character file.

Game seed: 18087249300550427983

205 qw the Skirmisher (level 5, -3/29 HPs)
             Began as a Deep Elf Hunter on June 25, 2023.
             Slain by an orc warrior
             ... wielding a +0 dire flail
              (18 damage)
             ... on level 7 of the Dungeon.
             The game lasted 00:00:54 (2193 turns).

qw the Skirmisher (Deep Elf Hunter)                 Turns: 2193, Time: 00:00:55

Health: -3/29      AC:  9    Str: 10    XL:     5   Next: 53%
Magic:  7/7        EV: 11    Int: 14    God:
Gold:   154        SH:  0    Dex: 22    Spells: 4/4 levels left

rFire   . . .        Y - +2 shortbow
rCold   . . .        (shield currently unavailable)
rNeg    . . .        f - +2 ring mail of the Loofah {rPois Dex+4}
rPois   +            g - +0 helmet
rElec   .            d - +0 cloak
rCorr   .            (no gloves)
SInv    .            (no boots)
Will    .....        (no amulet)
Stlth   ++           (no ring)
HPRegen 0.24/turn    (no ring)
MPRegen 0.10/turn

%: no passive effects
@: no status effects
A: no striking features
a: no special abilities


You were on level 7 of the Dungeon.
You visited 1 branch of the dungeon, and saw 5 of its levels.

You collected 154 gold pieces.


   Skills:
 - Level 1.5 Fighting
 - Level 9.0 Ranged Weapons
 + Level 2.7 Dodging
 - Level 1.2 Stealth


You had 4 spell levels left.
You didn't know any spells.
Your spell library was empty.

Inventory:

Hand Weapons
 Y - a +2 shortbow (weapon)
Armour
 d - a +0 cloak (worn)
 f - the +2 ring mail of the Loofah (worn) {rPois Dex+4}
   (You found it on level 3 of the Dungeon)

   Dex:       It affects your dexterity (+4).
   rPois:     It protects you from poison.
 g - a +0 helmet (worn)
Scrolls
 a - 2 scrolls of identify
Potions
 e - a potion of enlightenment
 h - a potion of mutation

Dungeon Overview and Level Annotations

Branches:
Dungeon (7/15)
 Temple: D:4-7

Altars:

Shops:
D:1 [


Message History

You struggle against the net.
The gnoll hits you from afar with a +0 spear.
You struggle against the net.
The gnoll hits you from afar with a +0 spear.
You tear a large gash into the net.
The gnoll hits you but does no damage.
You shred the net and break free! The gnoll barely misses you.
You shoot an arrow. The arrow hits the gnoll.
The gnoll is moderately wounded.
The gnoll hits you but does no damage.
You shoot an arrow. The arrow hits the gnoll!
The gnoll is almost dead.
The gnoll barely misses you.
You shoot an arrow. The arrow hits the gnoll!
You kill the gnoll!
You shoot an arrow.
The arrow closely misses the orc warrior.
You shoot an arrow. The arrow hits the orc warrior.
The orc warrior is lightly wounded.
The orc warrior barely misses you.
You shoot an arrow. The arrow hits the orc warrior!
The orc warrior is moderately wounded.
The orc warrior barely misses you.
The gnoll hits you from afar with a +0 spear.
You shoot an arrow.
The arrow hits the orc warrior but does no damage.
The orc warrior is moderately wounded.
The orc warrior barely misses you. The gnoll hits you but does no damage.
The gnoll hits you from afar with a +0 spear.
The orc warrior barely misses you.
An orc wizard comes into view. It is wielding a +0 dagger.
You shoot an arrow.
The arrow hits the orc warrior but does no damage.
The orc warrior is moderately wounded.
You hear a shout!
The gnoll hits you from afar with a +0 spear.
The orc warrior hits you with a +0 dire flail!!
Ouch! That really hurt!
You die...

.. .g #o #. #o
#### #o #..
#..###g####.#
#....go.##.#
#####.#@#.?#
#.#.#.##
..#...########
####.>.........
############


You could see an orc warrior, an orc wizard and 2 gnolls.

Vanquished Creatures
  An ogre (D:4)
  A gnoll (D:7)
  5 adders
  2 dart slugs
  6 orcs (D:3)
  2 bats
  4 endoplasms
  2 giant cockroaches
  3 goblins (D:3)
  5 hobgoblins
  3 jackals (D:2)
  6 kobolds
  5 quokkas (D:1)
  8 ball pythons
  5 frilled lizards
  5 rats
63 creatures vanquished.

Notes
Turn   | Place    | Note
-------+----------+-------------------------------------------
     0 | D:1      | qw the Deep Elf Hunter began the quest for the Orb.
     0 | D:1      | Reached XP level 1. HP: 12/12 MP: 3/3
     0 | D:1      | 0 ||| qw: Version: 0.3-a-22-g0ed2b0b
     0 | D:1      | 0 ||| qw: Game counter: 5480
     0 | D:1      | 0 ||| qw: Melee chars always use a shield: true
     0 | D:1      | 0 ||| qw: God list: Okawaru
     0 | D:1      | 0 ||| qw: Allow faded altars: false
     0 | D:1      | 0 ||| qw: Do Orc after clearing Dungeon:15 true
     0 | D:1      | 0 ||| qw: Do second Lair branch before Depths: true
     0 | D:1      | 0 ||| qw: Lair rune preference: random
     0 | D:1      | 0 ||| qw: Goals: Normal
     0 | D:1      | 0 ||| PLANNING D:1-11
   187 | D:1      | Reached XP level 2. HP: 16/16 MP: 4/4
   189 | D:1      | Reached skill level 6 in Ranged Weapons
   431 | D:1      | Found Uxyeng's Antique Armour Shop.
   437 | D:1      | 437 ||| SHOPLISTING pair of runed gloves (172 gold, have
                  | 15).
   437 | D:1      | 437 ||| SHOPLISTING runed leather armour (115 gold, have
                  | 15).
   725 | D:1      | Found a faded altar of an unknown god.
   797 | D:1      | 797 ||| UPGRADING to +0 scale mail.
   807 | D:1      | 807 ||| DROPPING +0 leather armour.
   808 | D:1      | 808 ||| UPGRADING to +0 helmet.
   813 | D:1      | 813 ||| UPGRADING to +0 ring mail.
   823 | D:1      | 823 ||| DROPPING +0 scale mail.
   824 | D:1      | 824 ||| READING 4 scrolls labelled NOMINK KELIU.
   825 | D:1      | 825 ||| READING 3 scrolls of identify.
   825 | D:1      | 825 ||| IDENTIFYING fuming sapphire potion
   826 | D:1      | 826 ||| READING 2 scrolls of identify.
   826 | D:1      | 826 ||| IDENTIFYING sapphire potion
   827 | D:1      | 827 ||| DROPPING scroll of butterflies.
   828 | D:1      | 828 ||| DROPPING potion of degeneration.
   829 | D:1      | 829 ||| DROPPING potion of attraction.
  1036 | D:2      | Reached XP level 3. HP: 20/20 MP: 5/5
  1231 | D:2      | 1231 ||| UPGRADING to +0 cloak.
  1236 | D:2      | 1236 ||| DROPPING ring of flight.
  1237 | D:2      | 1237 ||| READING scroll labelled SYIZU VEDEVOEH.
  1238 | D:2      | 1238 ||| READING scroll labelled AGEJIYT ZEET.
  1239 | D:2      | 1239 ||| READING scroll labelled SUSIALE DIWN.
  1267 | D:3      | 1267 ||| STAIRDANCE
  1277 | D:2      | Reached skill level 7 in Ranged Weapons
  1289 | D:3      | 1289 ||| READING scroll of enchant weapon.
  1289 | D:3      | 1289 ||| ENCHANTING +1 shortbow.
  1413 | D:3      | Reached XP level 4. HP: 25/25 MP: 6/6
  1779 | D:3      | Identified the +2 ring mail of the Loofah {rPois Dex+4}
  1820 | D:3      | Reached skill level 8 in Ranged Weapons
  1951 | D:3      | 1951 ||| DROPPING +2 robe of willpower.
  1952 | D:3      | 1952 ||| UPGRADING to +2 ring mail of the Loofah {rPois
                  | Dex+4}.
  1962 | D:3      | 1962 ||| DROPPING +0 ring mail.
  1963 | D:3      | 1963 ||| READING scroll labelled VAUJOE GATWOW.
  2064 | D:3      | 2064 ||| READING 4 scrolls of identify.
  2064 | D:3      | 2064 ||| IDENTIFYING fizzy grey potion
  2065 | D:3      | 2065 ||| READING 3 scrolls of identify.
  2065 | D:3      | 2065 ||| IDENTIFYING red potion
  2083 | D:4      | Noticed an ogre
  2089 | D:4      | Killed an ogre
  2090 | D:4      | Reached XP level 5. HP: 24/29 MP: 7/7
  2138 | D:4      | Reached skill level 9 in Ranged Weapons
  2163 | D:4      | You fall into a shaft and drop 3 floors!
  2176 | D:7      | Noticed an orc warrior
  2177 | D:7      | 2177 ||| Stepping ~*~*~tactically~*~*~ (outnumbered).
  2179 | D:7      | 2179 ||| Stepping ~*~*~tactically~*~*~ (outnumbered).
  2193 | D:7      | Slain by an orc warrior

Levels and vault maps discovered:
D:1:      lightli_iron_boxes, layout_basic, serial_forest,
          infiniplex_forest_corner_1, infiniplex_forest_end_3,
          infiniplex_forest_fountain, infiniplex_forest_lined_corner,
          infiniplex_forest_end_1, infiniplex_forest_clump_diagonal,
          serial_shops, nicolae_shop_stone,
          hellmonk_ecumenical_altar_inner_sanctum
D:2:      layout_rooms, bh_walls_and_bars
D:3:      layout_loops_ring
D:4:      layout_gridville, mainiacjoe_overflow_small_starburst,
          mainiacjoe_overflow_big_doors
D:7:      layout_basic

Skill      XL: |  1  2  3  4  5 |
---------------+----------------+-----
Ranged Weapons | 6 7 8 9 |  9.0
Fighting       | |  1.5
Dodging        | |  2.7
Stealth        | |  1.2

Action                     |  1- 3 |  4- 6 || total
---------------------------+-------+-------++-------
   Fire: Shortbow          |   138 |    63 ||   201
    Use: Scroll            |     7 |     3 ||    10
 Armour: Leather armour    |     1 |       ||     1
         Ring mail         |    26 |    11 ||    37
  Dodge: Dodged            |    51 |    13 ||    64

Table legend:
 A = Non-vault XP
 B = Vault XP
 C = Vault XP percentage of total XP
 D = Non-vault monster count
 E = Vault monster count
 F = Vault count percentage of total count
                 A         B        C        D         E       F
            +---------+---------+-------+---------+---------+-------
      Total |     294 |       0 |   0.0 |      63 |       0 |   0.0
            +---------+---------+-------+---------+---------+-------
        D:1 |      30 |       0 |   0.0 |      18 |       0 |   0.0
        D:2 |      33 |       0 |   0.0 |      13 |       0 |   0.0
        D:3 |      89 |       0 |   0.0 |      28 |       0 |   0.0
        D:4 |     127 |       0 |   0.0 |       3 |       0 |   0.0
        D:7 |      15 |       0 |   0.0 |       1 |       0 |   0.0
            +---------+---------+-------+---------+---------+-------
